 Dungeon Crawl Stone Soup version 0.31-a0-277-g31ea1f65cc (webtiles) character file.

Game seed: 15315518362760910485

1552 ryw the Ruffian (level 8, 0/93 HPs)
             Began as a Demigod Shapeshifter on July 16, 2023.
             Killed from afar by a steam dragon (9 damage)
             ... with a ball of steam
             ... on level 6 of the Dungeon.
             The game lasted 00:13:00 (5679 turns).

ryw the Ruffian (Demigod Shapeshifter)              Turns: 5679, Time: 00:13:01

Health: 0/93       AC: 24    Str: 24    XL:     8   Next: 31%
Magic:  10/10      EV:  2    Int: 10    God:
Gold:   962        SH:  0    Dex: 14    Spells: 7/7 levels left

rFire   . .          .
                       - Unarmed
rCold   . . .        (no shield)
rNeg    . . .        d - melded +1 ring mail
rPois   +            (helmet currently unavailable)
rElec   .            (cloak currently unavailable)
rCorr   .            (gloves currently unavailable)
SInv    .            (boots currently unavailable)
Will    .....        (no amulet)
Stlth   +            j - ring of flight
HPRegen 0.35/turn    (no ring)
MPRegen 0.12/turn

%: no passive effects
@: tree-form
A: stationary, stasis, torment immunity, boosted hp, high MP 1, forlorn, divine
attributes
a: no special abilities


You were on level 6 of the Dungeon.
You were a tree.
You visited 1 branch of the dungeon, and saw 6 of its levels.

You collected 1002 gold pieces.
You spent 40 gold pieces at shops.

Inventory:

Missiles
 e - 5 javelins
 i - 9 boomerangs (quivered)
 n - 9 poisoned darts
Armour
 a - a +0 pair of boots
 d - a +1 ring mail (melded)
 k - a +0 robe of willpower
 l - a +0 cloak
Jewellery
 j - a ring of flight (left branch)
Talismans
 c - a beast talisman
 r - a blade talisman
Wands
 o - a wand of paralysis (15)
Scrolls
 f - a scroll of teleportation
 m - 4 scrolls of enchant armour
Potions
 g - 3 potions of curing
 h - a potion of cancellation
 q - a potion of haste {unknown}
 t - a potion of might


   Skills:
 + Level 2.5 Fighting
 - Level 2.0 Throwing
 + Level 3.3 Armour
 - Level 2.0 Dodging
 + Level 6.3 Unarmed Combat
 * Level 5.8 Shapeshifting


You had 7 spell levels left.
You didn't know any spells.
Your spell library contained the following spells:

 Spells                   Type           Power      Damage    Failure   Level
 Call Canine Familiar     Summ           0%         N/A       75%         3
 Portal Projectile        Hex/Tloc       0%         N/A       75%         3
 Leda's Liquefaction      Hex/Erth       0%         N/A       98%         4


Dungeon Overview and Level Annotations

Branches:
Dungeon (6/15)
 Temple: D:4-7

Shops:
D:2 *

Annotations:
D:3 1 runed translucent door, Crazy Yiuf
D:5 2 transporters, Menkaure


Innate Abilities, Weirdness & Mutations

You are a tree.
Your roots penetrate the ground, keeping you stationary.
You cannot be teleported.
You are immune to unholy pain and torment.
Your maximum health is greatly increased.
Your equipment is partially melded.
You have an increased reservoir of magic. (+10% MP)
You shall have no god before yourself.
Your divine heritage dramatically boosts your attributes as you level up.


Message History

The centaur shoots an arrow.
The arrow closely misses you.
The centaur shoots an arrow.
The arrow completely misses you.
You punch the centaur!
The centaur is severely wounded.
The centaur unwields a +0 shortbow.
The centaur hits you.
The centaur kicks you but does no damage.
You punch the centaur!
You kill the centaur!
The ogre hits you with a +0 giant spiked club.
You see here a +0 shortbow.
You hit the ogre.
The ogre is moderately wounded.
A steam dragon comes into view.
You hit the ogre.
The ogre is heavily wounded.
The ogre hits you with a +0 giant spiked club!!
Ouch! That really hurt!
* * * LOW HITPOINT WARNING * * *
You are too injured to fight recklessly!
You are too injured to fight recklessly!
Unknown command.
Really quaff the potion of lignification?
Your transformation has ended.
You turn into a tree.
Your +1 ring mail melds into your body.
Your roots penetrate the ground.
The ogre hits you with a +0 giant spiked club.
* * * LOW HITPOINT WARNING * * *
You hit the ogre.
The ogre is heavily wounded.
You hit the ogre.
The ogre is severely wounded.
The ogre hits you with a +0 giant spiked club!
* * * LOW HITPOINT WARNING * * *
You barely miss the ogre.
The ogre is severely wounded.
You smack the ogre!
You kill the ogre!
The steam dragon breathes steam at you. The ball of steam hits you!
You die...

........# .......#
......# .....## ###
#.....#
.######.######..##
.................#
.................#
.........♣.......#
........§..).....#
####..D###.##############
###...#########.........
+...........#...#.......
#...........+.>.#.......
#......##...##..#.......
#......##...##..#....#+#
#.......#...<...#.[..#..


You could see a steam dragon (catching breath).

Vanquished Creatures
  Edmund (D:6)
  An ice beast (D:5)
  3 ogres
  2 centaurs
  A bullfrog (D:5)
  A scorpion (D:5)
  A howler monkey (D:5)
  A hound (D:4)
  A jelly (D:5)
  5 orc priests
  A sleepcap (D:5)
  6 iguanas (D:5)
  5 orc wizards
  11 gnolls
  15 adders
  A worm (D:2)
  3 dart slugs
  18 orcs
  5 bats
  6 endoplasms
  3 giant cockroaches (D:2)
  7 goblins
  7 hobgoblins
  4 jackals (D:5)
  3 quokkas
  6 ball pythons
  A frilled lizard (D:1)
  3 kobolds
  2 rats (D:2)
124 creatures vanquished.

Notes
Turn   | Place    | Note
-------+----------+-------------------------------------------
     0 | D:1      | ryw the Demigod Shapeshifter began the quest for the Orb.
     0 | D:1      | Reached XP level 1. HP: 17/17 MP: 3/3
   330 | D:1      | Reached skill level 2 in Unarmed Combat
   435 | D:1      | Reached XP level 2. HP: 24/24 MP: 4/4
   917 | D:2      | Found Zurghies's Assorted Antiques.
   924 | D:2      | Reached skill level 1 in Throwing
   944 | D:2      | Bought a scroll labelled YPU PANYDEWK for 20 gold pieces
   944 | D:2      | Bought a scroll labelled ROULOUDGH YZXOU for 20 gold pieces
  1073 | D:2      | Reached XP level 3. HP: 29/29 MP: 5/5
  1553 | D:2      | Identified a scroll of acquirement
  1553 | D:2      | Acquired 698 gold pieces
  1984 | D:3      | Reached XP level 4. HP: 36/36 MP: 6/6
  2027 | D:3      | Reached skill level 3 in Unarmed Combat
  2141 | D:3      | Reached XP level 5. HP: 37/41 MP: 7/7
  2387 | D:3      | Found a runed translucent door.
  2388 | D:3      | Noticed Crazy Yiuf
  3120 | D:4      | Reached skill level 4 in Unarmed Combat
  3121 | D:4      | Reached XP level 6. HP: 32/48 MP: 8/8
  3516 | D:4      | Reached skill level 1 in Armour
  3703 | D:5      | Entered Level 5 of the Dungeon
  4001 | D:5      | Reached XP level 7. HP: 20/55 MP: 9/9
  4229 | D:5      | Reached skill level 5 in Unarmed Combat
  4605 | D:5      | Found a transporter.
  4607 | D:5      | Found a transporter.
  4632 | D:5      | Noticed Menkaure
  4639 | D:5      | Noticed a wraith
  4750 | D:5      | Identified the +0 falchion of Ijok {flame, rN+ Dex+3}
  4782 | D:5      | Reached skill level 5 in Shapeshifting
  5042 | D:5      | Reached XP level 8. HP: 61/61 MP: 10/10
  5045 | D:5      | Reached skill level 6 in Unarmed Combat
  5155 | D:6      | Noticed Edmund
  5170 | D:6      | Killed Edmund
  5679 | D:6      | Killed from afar by a steam dragon

Illustrated notes

Levels and vault maps discovered:
D:1:      lordsloth_arrival_two_stooges, layout_loops_corners,
          ebering_ecumenical_altar_rust
D:2:      layout_loops_ring, serial_shops, shop
D:3:      cheibrodos_pilgrimage, layout_basic, uniq_crazy_yiuf_cottage
D:4:      layout_rooms, grunt_temple_overflow_diamond, lemuel_crystal_altar
D:5:      layout_basic, gammafunk_temple_of_torment, minmay_joined_circles
D:6:      layout_gridville, grunt_dithmenos_smoke_and_mirrors,
          nicolae_overflow_hidden_temple, minmay_temple_entry_statues_pillars,
          uniq_blork_the_orc, uniq_edmund

Skill      XL: |  1  2  3  4  5  6  7  8 |
---------------+-------------------------+-----
Unarmed Combat | 2 3 4 5 6 |  6.3
Dodging        | 2 |  2.0
Fighting       | 2 |  2.5
Throwing       | 1 2 |  2.0
Shapeshifting  | 3 4 5 |  5.8
Armour         | 1 3 |  3.3

Action                     |  1- 3 |  4- 6 |  7- 9 || total
---------------------------+-------+-------+-------++-------
  Melee: Unarmed           |   137 |   184 |   142 ||   463
         Punch             |     2 |    11 |     4 ||    17
  Throw: Javelin           |     6 |     6 |       ||    12
         Dart              |     1 |       |       ||     1
         Boomerang         |       |     5 |    19 ||    24
    Use: Scroll            |     6 |     3 |     2 ||    11
         Potion            |       |       |     3 ||     3
   Stab: Invisible         |       |       |     1 ||     1
 Armour: Ring mail         |    42 |    57 |    26 ||   125
  Dodge: Dodged            |    81 |   101 |    69 ||   251

Table legend: (Time is in decaauts)
 A = Elapsed time spent in this place.
 B = Non-inter-level travel time spent in this place.
 C = Inter-level travel time spent in this place.
 D = Time resting spent in this place.
 E = Time spent auto-exploring this place.
 F = Levels seen in this place.
 G = Mean time per level.
                   A        B        C        D        E       F      G
               +--------+--------+--------+--------+--------+-----+--------+
         Total |   5667 |   5434 |    233 |   1443 |   2705 |   6 |  944.5 |
       Dungeon |   5667 |   5434 |    233 |   1443 |   2705 |   6 |  944.5 |
               +--------+--------+--------+--------+--------+-----+--------+

Top non-repeatable levels by time:
     D:5: 1521 daAuts
     D:3: 1227 daAuts
     D:2: 1003 daAuts
     D:1: 843 daAuts
     D:4: 776 daAuts
     D:6: 295 daAuts
